 Dungeon Crawl Stone Soup version 0.30.1-11-g7821555f0a (webtiles) character file.

Game seed: 12001407818289761367

605406 FakeRyeBread the Acrobat (level 27, -6/226 (228) HPs)
             Began as a Djinni Conjurer on Nov 19, 2023.
             Was the Champion of Ashenzari.
             Killed by a mummy priest's death curse (20 damage)
             ... on level 2 of the Tomb of the Ancients on Nov 21, 2023.
             The game lasted 08:07:44 (67097 turns).

FakeRyeBread the Acrobat (Djinni Conjurer)         Turns: 67097, Time: 08:07:47

HP:   -6/226 (228)  AC: 20    Str: 12    XL:     27
Gold: 5987          EV: 13    Int: 33    God:    Ashenzari [******] SH:  0 Dex: 14

rFire   + + +        P - staff of conjuration of Supernal Gnosis (curse) {Fort, Self} (curse)
rCold   + . .        u - +0 kite shield "Enlightened Scepticism" {reflect, Melee, Self} (curse)
rNeg    + . .        V - +0 troll leather armour "Bound Together" {Regen+, Self, Cun} (curse)
rPois   ∞            E - +2 helmet of Supernal Gnosis {Int+3, Evo, Self} (curse)
rElec   +            e - +2 cloak of the Thief {*Fog Slay-2 SInv Stlth+, Self, Fort} (curse)
rCorr   +            c - +2 pair of gloves of Apeoromancy {Melee, Self} (curse)
SInv    +            (boots unavailable)
Will    +++..        J - amulet of the Celestial Prison {Regen+, Self, Fort} (curse)
Stlth   ++++         Y - ring "Share My Omission" {rC+ rN+ Str+2, Fort, Melee} (curse)
HPRegen 2.17/turn    f - ring of Ashenzari's Secrets {Will+ rCorr SInv, Self, Melee} (curse)
MPRegen 0.00/turn

%: reflection, clarity, infuse magic (-7 HP)
@: brilliant, resistant, flying, very slightly contaminated, held, slowed,
studying Unarmed Combat, lightly drained, very slow
A: sickness immunity, fire resistance 2, cold vulnerability 1, float, innate
caster, HP casting, extra vitality 1, strong 1
}: 4/15 runes: barnacled, slimy, silver, gossamer
a: Renounce Religion, Shatter the Chains


You were on level 2 of the Tomb of the Ancients.
You worshipped Ashenzari.
Ashenzari was exalted by your worship.
You visited 12 branches of the dungeon, and saw 53 of its levels.
You visited the Abyss 1 time.
You also visited: Trove, Ossuary, Gauntlet, Ice Cave and Volcano.

You collected 9075 gold pieces.
You spent 3088 gold pieces at shops.

Inventory:

Missiles
 A - a throwing net
Armour
 c - the cursed +2 pair of gloves of Apeoromancy (worn) {Melee, Self}
   (You found it on level 1 of the Dungeon)

   It has a curse which improves the following skills: Melee Combat: Short
   Blades, Long Blades, Axes, Maces & Flails, Polearms, Staves and Unarmed
   Combat.
   Introspection: Fighting and Spellcasting.
 e - the cursed +2 cloak of the Thief (worn) {*Fog Slay-2 SInv Stlth+, Self, Fort}
   (You found it on level 3 of the Elven Halls)

   *Fog:      It may release a thick cloud of smoke when the wearer is hurt.
   Slay:      It affects your accuracy & damage with ranged weapons and melee
   (-2).
   SInv:      It lets you see invisible.
   Stlth:     It makes you more stealthy.
   It has a curse which improves the following skills: Introspection: Fighting
   and Spellcasting.
   Fortitude: Armour and Shields.
 g - a +2 cloak of preservation
 u - the cursed +0 kite shield "Enlightened Scepticism" (worn) {reflect, Melee, Self}
   (You took it off Donald on level 2 of the Vaults)

   It has a curse which improves the following skills: Melee Combat: Short
   Blades, Long Blades, Axes, Maces & Flails, Polearms, Staves and Unarmed
   Combat.
   Introspection: Fighting and Spellcasting.
 w - the +3 robe "Cyjeok" {rN+ SInv Archmagi}
   (You found it on level 3 of the Crypt)

   rN:        It protects you from negative energy.
   SInv:      It lets you see invisible.
   Archmagi:  It increases the power of your magical spells.
 E - the cursed +2 helmet of Supernal Gnosis (worn) {Int+3, Evo, Self}
   (You bought it in a shop on level 2 of the Dungeon)

   It has a curse which improves the following skills: Evocations: Evocations.
   Introspection: Fighting and Spellcasting.
 V - the cursed +0 troll leather armour "Bound Together" (worn) {Regen+, Self, Cun}
   (You found it on level 1 of the Vaults)

   Regen:     It increases your rate of health regeneration.
   It has a curse which improves the following skills: Introspection: Fighting
   and Spellcasting.
   Cunning:   Dodging and Stealth.
Magical Staves
 P - the cursed staff of conjuration of Supernal Gnosis (weapon) {Fort, Self}
   (You found it on level 11 of the Dungeon)

   [staff of conjuration]

   Your inability to study Conjurations prevents you from drawing on the full
   power of this staff in melee.
   Base accuracy: +5 Base damage: 5 Base attack delay: 1.2 This weapon's minimum
   attack delay (0.6) is reached at skill level 12.
   It falls into the 'Staves' category.
   It is a one-handed weapon.
   It has a curse which improves the following skills: Fortitude: Armour and
   Shields.
   Introspection: Fighting and Spellcasting.
Jewellery
 d - the amulet "Bilis" {Reflect rF++ rCorr Dex-2 SH+5}
   (You found it in a treasure trove)

   [amulet of reflection]

   It reflects blocked missile attacks.
   Dex:       It affects your dexterity (-2).
   rF:        It greatly protects you from fire.
   rCorr:     It protects you from acid and corrosion.
   SH:        It affects your SH (+5).
 f - the cursed ring of Ashenzari's Secrets (right hand) {Will+ rCorr SInv, Self, Melee}
   (You found it on level 3 of the Elven Halls)

   [ring of willpower]

   SInv:      It lets you see invisible.
   rCorr:     It protects you from acid and corrosion.
   Will:      It increases your willpower.
   It has a curse which improves the following skills: Introspection: Fighting
   and Spellcasting.
   Melee Combat: Short Blades, Long Blades, Axes, Maces & Flails, Polearms,
   Staves and Unarmed Combat.
 i - a +6 ring of dexterity
 n - the ring "Cotz" {*Slow rF+ Str+3 Slay+2}
   (You took it off a deep elf pyromancer on level 3 of the Elven Halls)

   [ring of protection from fire]

   Str:       It affects your strength (+3).
   Slay:      It affects your accuracy & damage with ranged weapons and melee
   (+2).
   rF:        It protects you from fire.
   *Slow:     It may slow you when you take damage.
 s - the ring "Cugiv" {+Blink AC+4}
   (You found it on level 5 of the Pits of Slime)

   [ring of protection]

   AC:        It affects your AC (+4).
   +Blink:    It lets you blink.
 B - a +4 ring of protection
 J - the cursed amulet of the Celestial Prison (around neck) {Regen+, Self, Fort}
   (You found it on level 12 of the Dungeon)

   [amulet of regeneration]

   Regen:     It increases your rate of health regeneration.
   It has a curse which improves the following skills: Introspection: Fighting
   and Spellcasting.
   Fortitude: Armour and Shields.
 Q - a ring of ice
 R - a ring of protection from cold
 Y - the cursed ring "Share My Omission" (left hand) {rC+ rN+ Str+2, Fort, Melee}
   (You found it in a treasure trove)

   [ring of protection from cold]

   Str:       It affects your strength (+2).
   rC:        It protects you from cold.
   rN:        It protects you from negative energy.
   It has a curse which improves the following skills: Fortitude: Armour and
   Shields.
   Melee Combat: Short Blades, Long Blades, Axes, Maces & Flails, Polearms,
   Staves and Unarmed Combat.
Wands
 m - a wand of light (33)
 o - a wand of iceblast (51)
 t - a wand of paralysis (57)
 v - a wand of digging (47)
 y - a wand of flame (85)
 C - a wand of polymorph (42)
 N - a wand of mindburst (43)
Scrolls
 a - a scroll of acquirement
 b - 5 scrolls of enchant weapon
 p - 22 scrolls of teleportation
 q - 2 scrolls of summoning
 x - 8 scrolls of fear
 H - 9 scrolls of fog
 I - 6 scrolls of magic mapping
 L - 5 scrolls of poison
 M - a scroll of brand weapon
 O - 4 scrolls of silence
 S - 3 scrolls of blinking
 U - 4 scrolls of enchant armour
Potions
 h - 6 potions of haste
 j - 17 potions of curing
 k - 5 potions of heal wounds
 l - 16 potions of ambrosia
 r - 5 potions of berserk rage
 z - 11 potions of lignification
 D - 19 potions of might
 F - 3 potions of brilliance
 G - 3 potions of invisibility
 K - 3 potions of resistance
 W - 14 potions of mutation
 X - 3 potions of cancellation


   Skills:
 - Level 21.6(27) Fighting
 * Level 19.5(24.9) Armour
 - Level 25.7(27) Dodging
 - Level 5.0(7.4) Stealth
 - Level 21.9(27) Shields
 - Level 19.3(27) Spellcasting


You knew the following spells:

 Your Spells              Type           Power      Damage    Failure   Level
a - Magic Dart            Conj           100%       1d8       0%          1
b - Searing Ray           Conj           100%       2d8       0%          2
c - Dazzling Flash        Conj/Hex       100%       N/A       0%          3
d - Fulminant Prism       Conj/Hex       86%        3d35      0%          4
e - Iskenderun's Mystic   Conj/Tloc      100%       2d19      0%          4
f - Slow                  Hex            100%       N/A       0%          1
g - Lesser Beckoning      Tloc           100%       N/A       0%          2
h - Poisonous Vapours     Pois/Air       100%       N/A       0%          2
i - Hailstorm             Conj/Ice       100%       3d20      0%          3
j - Cause Fear            Hex            73%        N/A       0%          4
k - Metabolic Englaciati  Hex/Ice        73%        N/A       0%          5
l - Iron Shot             Conj/Erth      86%        9d16      0%          6
m - Statue Form           Tmut/Erth      98%        N/A       0%          6
n - Simulacrum            Ice/Necr       73%        N/A       0%          6
o - Haunt                 Necr/Summ      73%        N/A       0%          7
p - Infestation           Necr           73%        N/A       1%          8
q - Ignition              Fire           73%        3d19      1%          8
r - Fire Storm            Conj/Fire      86%        8d22      1%          9
Your spell library was empty.

Dungeon Overview and Level Annotations

Branches:
Dungeon (15/15)            Temple (1/1) D:4            Lair (5/5) D:10
 Shoals (4/4) Lair:3       Spider (4/4) Lair:2        Slime (5/5) Lair:5
    Orc (2/2) D:10            Elf (3/3) Orc:2        Vaults (5/5) D:14
  Crypt (3/3) Vaults:3       Tomb (2/3) Crypt:3      Depths (4/4) D:15
    Zot (0/5) Depths:4    Ossuary (visited)           IceCv (visited)
Volcano (visited)         Gauntlet (visited)

Altars:
Ashenzari
Cheibriados
Dithmenos
Elyvilon
Fedhas
Gozag
Hepliaklqana
Makhleb
Nemelex Xobeh
Okawaru
Qazlal
Ru
Trog
Uskayaw
Wu Jian
Xom
Yredelemnul
Zin
The Shining One
Jiyva
Lugonu

Shops:
D:2 ([!*(   D:4 *!   D:5 [   D:7 [   Orc:2 =?*=[   Elf:1 ?   Elf:2 *[   Elf:3 ?
Shoals:2 *   Shoals:4 =   Depths:1 *   Depths:2 ::=

Portals:
Hell: Depths:1 Depths:2 Depths:3 Depths:4
Abyss: Lair:5 Depths:3 Depths:4
Pandemonium: Depths:2
Ziggurat: Depths:3

Annotations:
D:10 exclusion: obsidian statue


Innate Abilities, Weirdness & Mutations

You are immune to sickness and miasma.
You are immune to poison.
Your flesh is very heat resistant. (rF++)
You are vulnerable to cold. (rC-)
You float through the air rather than walking.
You learn spells naturally, not from books.
Your magical power is your life essence.
You have superior vitality. (+4 MHP)
Your muscles are strong. (Str +4, Int/Dex -1)


Message History

The jiangshi is severely damaged.
The fireball engulfs the ushabti!
The ushabti resists.
The ushabti is almost destroyed.
The fireball engulfs the death scarab!!
You destroy the death scarab!
The death scarab's corpse disappears in a puff of smoke!
The fireball engulfs the wraith!!
You destroy the wraith!
The wraith disappears in a puff of smoke!
The fireball engulfs the royal mummy!!
The royal mummy is moderately damaged.
The fireball engulfs the royal mummy!!!
You destroy the royal mummy!
The fireball engulfs the ushabti!
The ushabti resists.
You destroy the ushabti!
The fireball engulfs the death scarab!!
You destroy the death scarab!
The death scarab's corpse disappears in a puff of smoke!
The fireball engulfs the spriggan defender skeleton!!
The spriggan defender skeleton is heavily damaged.
The fireball engulfs the death scarab!
You destroy the death scarab!
The fireball engulfs the ushabti!
The ushabti resists.
You destroy the ushabti!
The fireball engulfs the mummy priest!!!
You destroy the mummy priest!
The jiangshi disappears in a puff of smoke! x2
The spriggan defender skeleton disappears in a puff of smoke!
The fireball engulfs the emperor scorpion!!
The emperor scorpion is heavily wounded.
The fireball engulfs the emperor scorpion!!
The emperor scorpion is severely wounded.
The fireball engulfs the emperor scorpion!!!
The emperor scorpion is almost dead.
* * * LOW HITPOINT WARNING * * *
You feel extremely nervous for a moment...
Pain shoots through your body!!
You die...

,,, ,,* ,^.^ {{{ ,, ,,
* ** *##'#########, ^,*
^......○..........#{
^,,* .................*
{,^, , {.v..v...§......
*** ,..{..§.§.^.§...
,*,, * ,..§.§§§§§.§.s§#
,#{^, * *
.vv§§s{##.....##.# ,^,
* ,,...§{s§§##§.○§@..#
,∆ , ,
{.M..M{§.§§§^§...#, ,,
* {##..§..§M§.##....#
,, *
,.##.v§.$.M..##....#{
,,*
,..v..§{)......§...#,
^,*
.{...{...{........#*
+***
,......[.....M.....#,,
*
,..................#,{,
{....^M.....^....,, ,{


You could see a royal mummy and an emperor scorpion (summoned).

Vanquished Creatures
  the Royal Jelly (Slime:5)
  An ancient lich (Vaults:5)
  A juggernaut (Depths:3)
  3 royal mummies
  Boris (twice) (Depths:4 Crypt:1)
  Xtahua (Crypt:3)
  3 caustic shrikes (Depths:4)
  2 profane servitors
  5 golden dragons
  Arachne (Spider:4)
  The ghost of Nonny the Eclecticist, an adept NaIE of Ashenzari (Elf:2)
  A bone dragon (Abyss:3)
  Zenata (Vaults:3)
  2 hellephants (Depths:2)
  A shard shrike skeleton (Crypt:3)
  6 liches
  4 deep elf blademasters
  2 tentacled monstrosities (Vaults:5)
  4 titans (Vaults:5)
  A deep elf master archer (Elf:3)
  3 quicksilver dragons
  A kraken (Shoals:3)
  3 tentacled starspawn (Abyss:3)
  12 sphinxes
  Polyphemus (Shoals:3)
  8 ancient champions
  6 tengu reavers
  37 acid blobs
  3 storm dragons
  Donald (Vaults:2)
  The ghost of Zhuub the Warrior, an adept MiGl of Hepliaklqana (Spider:4)
  Ilsuiw (Shoals:3)
  A draconian knight (Depths:4)
  9 shadow dragons
  3 draconian monks (Depths:4)
  20 azure jellies
  6 revenants
  7 fire giants
  8 frost giants
  17 rockslimes
  11 deep elf sorcerers
  3 emperor scorpions
  2 balrugs
  3 iron dragons
  17 vault wardens
  5 curse skulls
  A caustic shrike zombie (Crypt:3)
  Louise (D:14)
  The ghost of Vitatacw the Eclecticist, a journeyman DEFE of Vehumet (Shoals:3)
  Aizul (Vaults:1)
  3 draconian stormcallers (Depths:4)
  4 spriggan defenders
  An orc warlord (Vaults:4)
  4 ghost moths (Spider:4)
  20 quicksilver oozes
  5 deep elf elementalists (Elf:3)
  6 war gargoyles
  17 ironbound preservers
  A ghoul (Crypt:3)
  A draconian annihilator (Depths:4)
  28 very ugly things
  8 vampire knights
  6 ironbound thunderhulks
  2 broodmothers
  18 stone giants
  2 reapers
  2 green draconians (Depths:4)
  3 deep elf demonologists
  A black draconian (Depths:4)
  8 red draconians
  2 white draconians (Depths:4)
  20 spark wasps
  2 yellow draconians (Depths:4)
  11 deep elf annihilators
  The ghost of lonewolfV2 the Minotaur Cataclysm, a journeyman MiFi of Qazlal (D:11)
  3 purple draconians (Depths:4)
  11 dire elephants
  2 eidola
  A blizzard demon (Depths:4)
  6 merfolk impalers
  6 ettins
  9 deep elf death magi
  10 mummy priests
  12 fire dragons
  11 jiangshi
  2 merfolk javelineers
  A shambling mangrove (Abyss:3)
  12 deep elf high priests
  7 entropy weavers
  A spriggan zombie (Tomb:2)
  11 yaktaur captains
  A quicksilver dragon skeleton (Crypt:3)
  11 great orbs of eyes
  6 hydras
  34 vault guards
  5 ice dragons
  2 rakshasas
  A peacekeeper (Vaults:4)
  4 spriggan air magi
  A hydra (shapeshifter) (Vaults:2)
  8 ironbound frosthearts
  4 merfolk avatars
  An alligator snapping turtle (Shoals:3)
  4 merfolk aquamancers
  6 centaur warriors
  9 jorogumos
  22 dancing weapons
  A death knight (Crypt:1)
  6 ogre magi
  19 two-headed ogres
  2 anacondas (shapeshifter) (Vaults:5)
  3 catoblepae
  A fenstrider witch skeleton (Crypt:1)
  Erica (D:8)
  6 boulder beetles
  30 death scarabs
  8 deep troll earth magi
  12 hell hogs
  3 satyrs (Shoals:3)
  4 tengu warriors
  9 vampire magi
  7 deep troll shamans
  A quicksilver ooze zombie (Crypt:1)
  5 spriggan berserkers
  6 soul eaters
  3 death yaks (Shoals:3)
  4 thrashing horrors (Lair:5)
  24 deep elf knights
  5 orc high priests (Orc:2)
  23 hell knights
  A titan zombie (Vaults:5)
  3 sun demons (Depths:4)
  4 shadow wraiths
  2 golden dragon zombies
  2 sun moths
  32 skeletal warriors
  Amaemon (D:8)
  5 skysharks
  7 pharaoh ants
  A storm dragon skeleton (Crypt:1)
  11 iron trolls
  A wretched star (Abyss:3)
  2 quicksilver dragon simulacra (Depths:4)
  4 flayed ghosts
  16 sea snakes
  11 deep elf archers
  55 deep trolls
  A bunyip zombie (Crypt:1)
  8 orb spiders
  18 phantasmal warriors
  8 lindwurms
  4 wolf spider zombies (Spider:4)
  17 ironbound convokers
  A steelbarb worm (shapeshifter) (Elf:3)
  12 orc knights
  4 glowing orange brains
  12 necromancers
  26 harpies
  A broodmother zombie (Spider:4)
  4 steelbarb worms
  A tengu zombie (D:15)
  An anaconda skeleton (Crypt:3)
  4 wizards
  3 oklob plants (Lair:5)
  12 wolf spiders
  An iron dragon zombie (Crypt:1)
  27 deep elf zephyrmancers
  A shining eye (shapeshifter) (Vaults:5)
  32 deep elf pyromancers
  2 orc sorcerers
  2 frost giant zombies
  A shadow dragon skeleton (Crypt:2)
  15 manticores
  4 salamanders
  9 moths of wrath
  3 cyclopes
  26 ugly things
  3 shining eyes
  A dire elephant zombie (Tomb:1)
  6 fauns
  5 water nymphs
  2 iron dragon skeletons
  A frost giant skeleton (D:15)
  A stone giant skeleton (Vaults:5)
  Maurice (D:13)
  4 elephants (Lair:3)
  4 smoke demons
  11 merfolk sirens
  Joseph (D:8)
  2 black mambas (Lair:5)
  13 vault sentinels
  A guardian serpent (shapeshifter) (Vaults:5)
  An alligator snapping turtle zombie (Crypt:3)
  7 eyes of devastation
  An orange demon (D:8)
  An apocalypse crab (Abyss:3)
  2 ice statues
  8 demonic crawlers
  3 gargoyles
  9 cane toads
  A red draconian zombie (Crypt:1)
  11 freezing wraiths
  A hellion (Abyss:3)
  An unseen horror (D:12)
  2 torpor snails
  An elf skeleton (Vaults:4)
  9 rime drakes
  An unseen horror (shapeshifter) (Elf:2)
  4 spectral redbacks (Spider:4)
  Maggie (D:8)
  An anaconda simulacrum (Crypt:3)
  41 yaktaurs
  Psyche (D:8)
  2 redback zombies (Spider:4)
  4 ice devils
  2 efreet
  12 guardian mummies
  8 komodo dragons
  24 merfolk
  4 tengu conjurers
  3 ancient zymes (Lair:5)
  A queen bee (D:14)
  A queen bee (shapeshifter) (Abyss:3)
  A mana viper zombie (Crypt:1)
  3 meliai (D:14)
  A polar bear (shapeshifter) (Depths:2)
  7 trolls
  7 wind drakes
  Grinder (D:3)
  A spectral culicivora (Spider:4)
  A tengu simulacrum (Vaults:5)
  A troll (shapeshifter) (D:14)
  A polar bear (D:10)
  A meliai (shapeshifter) (D:13)
  2 spectral tarantellas (Spider:4)
  A raiju (shapeshifter) (Lair:5)
  20 blink frogs
  10 hornets
  2 hornets (shapeshifter)
  27 tarantellas
  18 snapping turtles
  12 dream sheep
  A stone giant simulacrum (Vaults:4)
  4 jumping spider zombies (Spider:4)
  A tarantella zombie (Spider:4)
  5 large abominations
  4 harpy skeletons
  A spectral jumping spider (Spider:4)
  A centaur simulacrum (D:14)
  111 slime creatures
  28 jumping spiders
  A guardian serpent skeleton (Crypt:1)
  3 air elementals
  27 culicivoras
  10 small abominations
  A black mamba zombie (Abyss:3)
  2 ettin skeletons (Vaults:5)
  7 spriggans
  A wyvern (D:9)
  2 vampires
  15 water elementals
  4 ynoxinuls
  6 ushabtiu
  A hog (shapeshifter) (Abyss:3)
  10 wraiths
  Grum (D:8)
  7 golden eyes
  A golden eye (shapeshifter) (Vaults:5)
  29 yaks
  3 alligator skeletons
  8 fire elementals
  A neqoxec (Abyss:3)
  8 basilisks
  A redback (shapeshifter) (D:15)
  3 chaos spawn
  A steam dragon (D:7)
  7 vampire mosquitoes (D:14)
  3 death yak simulacra (IceCv)
  2 human simulacra (Vaults:4)
  39 redbacks
  Edmund (D:6)
  3 wargs
  2 floating eyes
  27 water moccasins
  An acid dragon (D:10)
  7 hydra simulacra
  A hell hound (Spider:3)
  7 ice beasts
  A black bear (shapeshifter) (Lair:5)
  5 black bears
  46 orc warriors
  2 sky beasts
  A fire dragon simulacrum (Crypt:1)
  A boggart (Vaults:3)
  4 ettin simulacra (Depths:4)
  6 centaurs
  17 wolves
  16 ogres
  A snapping turtle skeleton (Crypt:2)
  3 phantoms
  A draconian zombie (Crypt:2)
  4 elf zombies (Elf:1)
  A kobold brigand (D:6)
  8 bullfrogs
  2 earth elementals (Elf:2)
  A cane toad simulacrum (IceCv)
  A draconian skeleton (Crypt:3)
  2 scorpions (D:6)
  6 two-headed ogre simulacra (IceCv)
  8 wights
  4 elephant simulacra (IceCv)
  32 killer bees
  12 electric eels
  3 howler monkeys (D:8)
  A crimson imp (D:7)
  4 centaur zombies
  2 hounds
  A human zombie (Ossuary)
  30 orc priests
  2 jellies
  A gnoll bouda (D:7)
  A bullfrog skeleton (Crypt:3)
  Jessica (D:2)
  A sleepcap (D:4)
  Ijyb (D:4)
  2 iguanas (D:5)
  14 orc wizards
  A boggart zombie (Crypt:2)
  6 spriggan simulacra (IceCv)
  2 polar bear simulacra (IceCv)
  6 troll simulacra (IceCv)
  5 wolf simulacra (IceCv)
  A naga zombie (Crypt:2)
  An acid dragon skeleton (Crypt:3)
  2 naga skeletons
  18 mummies
  8 gnolls (D:7)
  2 steam dragon zombies (Crypt:3)
  8 adders
  5 naga simulacra
  2 shadow imps
  A howler monkey simulacrum (D:10)
  11 white imps
  2 ufetubi
  A lava snake skeleton (Crypt:3)
  3 worms
  2 dart slugs (D:1)
  117 orcs
  15 ball pythons
  8 bats
  6 endoplasms
  9 hobgoblins
  5 jackals
  3 quokkas
  3 frilled lizards
  A frilled lizard skeleton (Crypt:3)
  4 goblins
  A goblin zombie (Ossuary)
  3 hobgoblin zombies (Ossuary)
  5 kobolds
  A quokka skeleton (Crypt:2)
  6 rats
  754 fulminant prisms
  2 starspawn tentacles (Abyss:3)
  3 tentacles (Shoals:3)
3269 creatures vanquished.

Vanquished Creatures (collateral kills)
  A royal mummy (Crypt:3)
  A lich (Crypt:3)
  An acid blob (Slime:5)
  A rockslime (Slime:5)
  A frost giant (Depths:1)
  A vampire knight (Depths:2)
  A stone giant (Depths:1)
  A merfolk impaler (Shoals:2)
  A fire dragon (Depths:1)
  A death scarab (Tomb:1)
  3 deep trolls
  A water nymph (Shoals:2)
  A dire elephant zombie (Tomb:1)
  A guardian mummy (Tomb:2)
  A harpy zombie (Crypt:2)
  A merfolk (Shoals:2)
  A snapping turtle (Shoals:2)
  A fire dragon zombie (Tomb:1)
  A water elemental (Shoals:2)
  An orc wizard (Vaults:5)
  3 mummies
  A hound zombie (Crypt:1)
  A starspawn tentacle (Abyss:3)
27 creatures vanquished.

Vanquished Creatures (others)
  A very ugly thing (Depths:1)
  A deep elf knight (Elf:2)
  A deep elf zephyrmancer (Elf:2)
  136 fire vortices
  1683 fulminant prisms
  4 starspawn tentacles (Abyss:3)
  3 tentacles (Shoals:3)
1829 creatures vanquished.

Grand Total: 5125 creatures vanquished

Notes
Turn   | Place    | Note
-------+----------+-------------------------------------------
     0 | D:1      | FakeRyeBread the Djinni Conjurer began the quest for the
                  | Orb.
     0 | D:1      | FakeRyeBread set off with the following spells memorised:
                  | Magic Dart, Searing Ray, Dazzling Flash, Fulminant Prism,
                  | Iskenderun's Mystic Blast.
     0 | D:1      | Reached XP level 1. HP: 15/15 MP: 0/0
   105 | D:1      | Reached XP level 2. HP: 17/22 MP: 0/0
   127 | D:1      | Reached skill level 1 in Fighting
   498 | D:1      | Reached XP level 3. HP: 24/27 MP: 0/0
   498 | D:1      | Learned a level 1 spell: Slow
   834 | D:2      | Found Fekhog's General Store.
   898 | D:2      | Found Uskier's Antique Armour Shop.
   901 | D:2      | Identified the +6 falchion of the Ageless Knives {heavy,
                  | rN+}
   972 | D:2      | Found Edditeck's Distillery.
   989 | D:2      | Found Woaweupi's Antique Weapon Shoppe.
  1067 | D:2      | Reached XP level 4. HP: 32/33 MP: 0/0
  1088 | D:2      | Found Zopoarut's Antique Weapon Emporium.
  1150 | D:2      | Noticed Jessica
  1155 | D:2      | Killed Jessica
  1469 | D:3      | Reached XP level 5. HP: 37/40 MP: 0/0
  1469 | D:3      | Learned a level 2 spell: Lesser Beckoning
  1535 | D:3      | Reached XP level 6. HP: 9/46 MP: 0/0
  2140 | D:3      | Found a blossoming altar of Fedhas.
  2144 | D:3      | Noticed Grinder
  2151 | D:3      | Killed Grinder
  2152 | D:3      | Reached skill level 5 in Spellcasting
  2152 | D:3      | Reached XP level 7. HP: 49/53 MP: 0/0
  2152 | D:3      | Learned a level 2 spell: Poisonous Vapours
  2307 | D:2      | Bought a transparent robe for 114 gold pieces
  2307 | D:2      | Identified the +2 robe of Lustiul {rElec} (You bought it in
                  | a shop on level 2 of the Dungeon)
  2621 | D:4      | Found a sacrificial altar of Ru.
  2671 | D:4      | Reached skill level 5 in Fighting
  2675 | D:4      | Found a staircase to the Ecumenical Temple.
  2685 | Temple   | Entered the Ecumenical Temple
  2871 | D:4      | Found Yvauz's Overcharged Wands.
  2925 | D:4      | Found Kile's Distillery.
  2968 | D:4      | Noticed Ijyb
  2975 | D:4      | Killed Ijyb
  3124 | D:4      | Found a broken altar of Ashenzari.
  3174 | D:4      | Became a worshipper of Ashenzari the Shackled
  3426 | D:5      | Entered Level 5 of the Dungeon
  3468 | D:5      | Reached XP level 8. HP: 54/61 MP: 0/0
  3518 | D:5      | Found a white marble altar of Elyvilon.
  3520 | D:5      | Found a glowing silver altar of Zin.
  3523 | D:5      | Found a glowing golden altar of the Shining One.
  3581 | D:5      | Found an ornate altar of the Wu Jian Council.
  4057 | D:5      | Found Xadghuneta's Antique Armour Shop.
  4303 | D:5      | Identified the +8 short sword "Arbiter" {drain, rPois Will+
                  | Stlth-}
  4449 | D:5      | Found a shadowy altar of Dithmenos.
  4773 | D:6      | Found a sand-covered staircase.
  4780 | Ossuary  | Entered an ossuary
  5100 | Ossuary  | Reached XP level 9. HP: 55/69 MP: 0/0
  5100 | Ossuary  | Learned a level 3 spell: Hailstorm
  5570 | D:6      | Noticed Edmund
  5588 | D:6      | Killed Edmund
  5928 | D:6      | Found a large runed translucent door.
  5929 | D:6      | Found a large runed translucent door.
  6252 | D:6      | Found a basalt altar of Yredelemnul.
  6257 | D:6      | Found a stormy altar of Qazlal.
  6325 | D:7      | Identified the +8 mace of Disorder {flame, rElec Will-
                  | Dex+3}
  6405 | D:7      | Reached XP level 10. HP: 58/79 MP: 0/0
  6820 | D:7      | Found a burning altar of Makhleb.
  6938 | D:7      | Found Cibrad's Armour Shoppe.
  7414 | D:8      | Noticed Amaemon
  7414 | D:8      | Noticed an orange demon
  7474 | D:8      | Noticed Erica
  7490 | D:8      | Killed Erica
  7491 | D:8      | Reached skill level 10 in Fighting
  7739 | D:8      | Noticed Maggie
  7757 | D:8      | Killed Maggie
  8196 | D:8      | Noticed Joseph
  8247 | D:8      | Killed Joseph
  8688 | D:8      | Reached skill level 3 in Dodging
  8817 | D:8      | Reached XP level 11. HP: 76/87 MP: 0/0
  8817 | D:8      | Learned a level 4 spell: Cause Fear
  9018 | D:8      | Found a transporter.
  9025 | D:8      | Found a transporter.
  9025 | D:8      | Found a transporter.
  9119 | D:8      | Found a transporter.
  9295 | D:8      | Killed Amaemon
  9312 | D:8      | Noticed Grum
  9581 | D:8      | Killed Grum
  9582 | D:8      | Reached skill level 4 in Dodging
  9928 | D:8      | Noticed Psyche
  9933 | D:8      | Killed Psyche
 10426 | D:9      | Noticed a two-headed ogre
 10440 | D:9      | Killed a two-headed ogre
 10724 | D:2      | Bought a +2 helmet of intelligence for 279 gold pieces
 11107 | D:9      | Reached * piety under Ashenzari
 11185 | D:9      | Found a hide-covered altar of Uskayaw.
 11188 | D:9      | Found a snail-covered altar of Cheibriados.
 11587 | D:10     | Entered Level 10 of the Dungeon
 11765 | D:10     | Noticed an obsidian statue
 11795 | D:10     | Found a staircase to the Orcish Mines.
 11859 | D:10     | Reached skill level 5 in Dodging
 11871 | D:10     | Reached skill level 10 in Spellcasting
 12400 | D:10     | Noticed a two-headed ogre
 12409 | D:10     | Killed a two-headed ogre
 12499 | D:10     | Found a staircase to the Lair.
 12897 | D:10     | Reached skill level 6 in Dodging
 12901 | D:10     | Reached XP level 12. HP: 80/98 MP: 0/0
 13081 | D:11     | Noticed a two-headed ogre
 13124 | D:11     | Killed a two-headed ogre
 13534 | D:11     | Found a runed translucent door.
 13534 | D:11     | Noticed lonewolfV2's ghost (journeyman MiFi)
 13733 | D:11     | Reached skill level 7 in Dodging
 14543 | D:11     | Noticed a two-headed ogre
 14564 | D:11     | Killed a two-headed ogre
 14851 | D:12     | Noticed a great orb of eyes
 14917 | D:12     | Noticed a two-headed ogre
 15065 | D:12     | Noticed a two-headed ogre
 15069 | D:12     | Killed a two-headed ogre
 15070 | D:12     | Reached skill level 8 in Dodging
 15113 | D:12     | Killed a two-headed ogre
 15132 | D:12     | Killed a great orb of eyes
 15134 | D:12     | Reached XP level 13. HP: 49/106 MP: 0/0
 15134 | D:12     | Learned a level 5 spell: Metabolic Englaciation
 15210 | D:12     | Reached skill level 9 in Dodging
 15311 | D:12     | Reached ** piety under Ashenzari
 15630 | Lair:1   | Entered Level 1 of the Lair of Beasts
 16063 | Lair:1   | Noticed a six-headed hydra
 16073 | Lair:1   | Killed a six-headed hydra
 16134 | Lair:1   | Reached skill level 10 in Dodging
 16283 | Lair:1   | Reached *** piety under Ashenzari
 16871 | Lair:2   | Found a dark tunnel.
 16876 | Volcano  | Entered a volcano
 16948 | Volcano  | Noticed a red draconian
 16992 | Volcano  | Killed a red draconian
 17104 | Volcano  | Noticed an ogre mage
 17112 | Volcano  | Killed an ogre mage
 17363 | Lair:2   | Found a hole to the Spider Nest.
 17938 | Lair:3   | Reached XP level 14. HP: 20/121 MP: 0/0
 17942 | Lair:3   | Reached skill level 11 in Dodging
 18019 | Lair:3   | Found a staircase to the Shoals.
 18020 | Lair:3   | Found a gate leading to a gauntlet.
 18045 | Gauntlet | Entered a Gauntlet
 18045 | Gauntlet | Found a transporter.
 18158 | Gauntlet | Found a transporter.
 18158 | Gauntlet | Found a transporter.
 18159 | Gauntlet | Found a transporter.
 18170 | Gauntlet | Found a transporter.
 18171 | Gauntlet | Found a transporter.
 18172 | Gauntlet | Found a transporter.
 18173 | Gauntlet | Identified the amulet of Zibban {RegenMP Str+4}
 18182 | Gauntlet | Found a transporter.
 18182 | Gauntlet | Found a transporter.
 18183 | Gauntlet | Found a transporter.
 18191 | Gauntlet | Found a transporter.
 18194 | Gauntlet | Found a transporter.
 18195 | Gauntlet | Found a transporter.
 18211 | Gauntlet | Found a transporter.
 18604 | Lair:3   | Reached skill level 15 in Fighting
 18702 | Lair:3   | Reached **** piety under Ashenzari
 19322 | D:2      | Bought a potion of curing for 39 gold pieces
 19322 | D:2      | Bought 2 potions of heal wounds for 130 gold pieces
 19322 | D:2      | Bought a potion of haste for 130 gold pieces
 19334 | D:2      | Bought a potion of curing for 39 gold pieces
 19390 | D:4      | Bought a potion of curing for 30 gold pieces
 19390 | D:4      | Bought a potion of haste for 100 gold pieces
 19706 | Lair:4   | Reached ***** piety under Ashenzari
 20027 | Lair:4   | Reached skill level 12 in Dodging
 20421 | Lair:5   | Entered Level 5 of the Lair of Beasts
 21134 | Lair:5   | Identified the +7 great sword of Ytofanlabo {venom, Fly
                  | rPois}
 21198 | Lair:5   | Reached XP level 15. HP: 98/133 MP: 0/0
 21198 | Lair:5   | Learned a level 6 spell: Iron Shot
 21279 | Lair:5   | Found a corrupted altar of Lugonu.
 21279 | Lair:5   | Found a one-way gate to the infinite horrors of the Abyss.
 21342 | Lair:5   | Reached skill level 13 in Dodging
 21936 | Lair:5   | Found a staircase to the Slime Pits.
 22204 | D:11     | Killed lonewolfV2's ghost
 22281 | Orc:1    | Entered Level 1 of the Orcish Mines
 22604 | D:2      | Bought a ring of protection from fire for 325 gold pieces
 22756 | Orc:1    | Found a frozen archway.
 22764 | IceCv    | Entered an ice cave
 23254 | IceCv    | Noticed a reaper
 23265 | IceCv    | Killed a reaper
 23394 | IceCv    | Identified the +10 dagger of Strategic Superiority {flame,
                  | rN+}
 23764 | Orc:2    | Entered Level 2 of the Orcish Mines
 23765 | Orc:2    | Found Virphashri's Jewellery Emporium.
 23790 | Orc:2    | Bought a ring of protection from cold for 300 gold pieces
 23846 | Orc:2    | Reached skill level 1 in Shields
 23996 | Orc:2    | Reached skill level 14 in Dodging
 24240 | Orc:2    | Found a staircase to the Elven Halls.
 24567 | Orc:2    | Found Xal Duqe's Antique Armour Shoppe.
 24567 | Orc:2    | Found Osuapt's Magic Scroll Shoppe.
 24568 | Orc:2    | Found Binups Sigo's Jewellery Emporium.
 24568 | Orc:2    | Found Maps's General Store.
 24582 | Orc:2    | Bought the ring "Hioxauwn" {Ice rPois rCorr Str+5 Slay-4}
                  | for 497 gold pieces
 24874 | Orc:2    | Bought a tattered robe for 171 gold pieces
 24874 | Orc:2    | Identified the +1 robe of Slovenliness {Will+} (You bought
                  | it in a shop on level 2 of the Orcish Mines)
 25041 | D:13     | Noticed Maurice
 25051 | D:13     | Killed Maurice
 25064 | D:13     | Reached XP level 16. HP: 59/147 MP: 0/0
 26193 | D:14     | Noticed Louise
 26202 | D:14     | Killed Louise
 26591 | D:14     | Reached skill level 5 in Shields
 26891 | D:14     | Found a gate to the Vaults.
 27290 | D:15     | Entered Level 15 of the Dungeon
 27459 | D:15     | Reached skill level 15 in Dodging
 27807 | D:15     | Found a staircase to the Depths.
 28020 | D:15     | Identified Sif Muna's Commentary on Ashen Beckoning
 28305 | Spider:1 | Entered Level 1 of the Spider Nest
 28494 | Spider:1 | Reached XP level 17. HP: 153/156 MP: 0/0
 28494 | Spider:1 | Learned a level 6 spell: Statue Form
 30679 | Spider:3 | Reached skill level 16 in Dodging
 31030 | Spider:3 | Reached ****** piety under Ashenzari
 31701 | Spider:4 | Entered Level 4 of the Spider Nest
 31701 | Spider:4 | Identified the +0 chain mail "Ruruv" {rF++ Regen+}
 31728 | Spider:4 | Noticed Arachne
 32051 | Spider:4 | Reached XP level 18. HP: 141/166 MP: 0/0
 32665 | Spider:4 | Killed Arachne
 32666 | Spider:4 | Reached skill level 15 in Spellcasting
 32800 | Spider:4 | Reached skill level 17 in Dodging
 32991 | Spider:4 | Reached skill level 10 in Shields
 33099 | Spider:4 | Found a runed translucent door.
 33099 | Spider:4 | Noticed Zhuub's ghost (adept MiGl)
 33114 | Spider:4 | Killed Zhuub's ghost
 33608 | Spider:4 | Got a gossamer rune of Zot
 33901 | Orc:2    | Bought a scroll of blinking for 120 gold pieces
 33901 | Orc:2    | Bought a scroll of enchant armour for 120 gold pieces
 34615 | D:4      | Bought a potion of lignification for 30 gold pieces
 34615 | D:4      | Bought a potion of lignification for 30 gold pieces
 34615 | D:4      | Bought a potion of mutation for 80 gold pieces
 34615 | D:4      | Bought a potion of curing for 30 gold pieces
 34615 | D:4      | Bought a potion of might for 40 gold pieces
 34615 | D:4      | Bought a potion of mutation for 80 gold pieces
 34666 | D:2      | Bought a potion of mutation for 104 gold pieces
 34902 | Shoals:1 | Entered Level 1 of the Shoals
 35257 | Shoals:1 | Reached skill level 18 in Dodging
 35863 | Shoals:2 | Found Xoramp's General Store.
 35885 | Shoals:2 | Reached XP level 19. HP: 169/174 MP: 0/0
 35885 | Shoals:2 | Learned a level 6 spell: Simulacrum
 37237 | Shoals:3 | Reached skill level 19 in Dodging
 37271 | Shoals:3 | Found a runed translucent door.
 37273 | Shoals:3 | Noticed Vitatacw's ghost (journeyman DEFE)
 37465 | Shoals:3 | Noticed Ilsuiw
 37469 | Shoals:3 | Killed Ilsuiw
 37617 | Shoals:3 | Noticed Polyphemus
 37637 | Shoals:3 | Killed Polyphemus
 38409 | Shoals:3 | Killed Vitatacw's ghost
 38474 | Shoals:4 | Entered Level 4 of the Shoals
 38497 | Shoals:4 | Found Vizif's Jewellery Shop.
 38509 | Shoals:4 | Bought a ring of willpower for 300 gold pieces
 38741 | Shoals:4 | Got a barnacled rune of Zot
 38801 | Shoals:4 | Reached skill level 20 in Dodging
 39513 | Shoals:4 | Reached XP level 20. HP: 172/181 MP: 0/0
 39945 | Vaults:1 | Entered Level 1 of the Vaults
 40658 | Vaults:1 | Identified the +1 whip "Guwock" {flame, rN+ rCorr Stlth+}
 40738 | Vaults:1 | Reached skill level 21 in Dodging
 40987 | Vaults:1 | Noticed Aizul
 40997 | Vaults:1 | Killed Aizul
 41777 | Vaults:2 | Noticed Donald
 41787 | Vaults:2 | Killed Donald
 42084 | Vaults:2 | Identified the +0 pair of boots of Elyvilon's Approval
                  | {rElec}
 42250 | Vaults:3 | Found a staircase to the Crypt.
 42335 | Vaults:3 | Reached skill level 22 in Dodging
 42351 | Vaults:3 | Reached XP level 21. HP: 176/184 MP: 0/0
 42351 | Vaults:3 | Learned a level 7 spell: Haunt
 42951 | Vaults:3 | Identified the +2 helmet "Kemisi" {Str+2}
 43025 | Vaults:3 | Noticed Zenata
 43035 | Vaults:3 | Killed Zenata
 43336 | Vaults:3 | Paralysed by a sphinx for 4 turns
 43371 | Vaults:3 | Identified the +7 mace "Cielif" {drain, rPois Int+2}
 43970 | Vaults:4 | Identified the +5 arbalest "Riherhet" {heavy, rF+ Int+4}
 44250 | Vaults:4 | Reached skill level 15 in Shields
 44284 | Vaults:4 | Reached skill level 23 in Dodging
 44625 | Vaults:4 | Identified the +5 glaive of the Egg {spect, *Slow Will+
                  | rCorr Int+3}
 44684 | Vaults:4 | Reached XP level 22. HP: 137/194 MP: 0/0
 45268 | Elf:1    | Entered Level 1 of the Elven Halls
 45471 | Elf:1    | Found Yguqel's Magic Scroll Shoppe.
 45686 | Elf:1    | Identified the Compilation of Despair
 45780 | Elf:1    | Identified the +8 great sword of Sloth {heavy, Dex+4}
 46266 | Elf:2    | Paralysed by an air elemental for 1 turns
 46282 | Elf:2    | Reached skill level 1 in Armour
 46506 | Elf:2    | Found a runed translucent gate.
 46506 | Elf:2    | Found a runed translucent gate.
 46506 | Elf:2    | Found a runed translucent gate.
 47160 | Elf:2    | Found Geckoanu's Armour Boutique.
 47198 | Elf:2    | Noticed Nonny's ghost (adept NaIE)
 47207 | Elf:2    | Reached skill level 24 in Dodging
 47226 | Elf:2    | Found a transporter.
 47232 | Elf:2    | Found a bloodstained altar of Trog.
 47243 | Elf:2    | Found a transporter.
 47499 | Elf:2    | Found Difearr's Neck Hole.
 47649 | Elf:3    | Entered Level 3 of the Elven Halls
 47713 | Elf:2    | Killed Nonny's ghost
 47862 | Elf:3    | Found Vygo's Magic Scroll Emporium.
 47967 | Elf:3    | Reached skill level 5 in Armour
 47967 | Elf:3    | Paralysed by an air elemental for 1 turns
 48102 | Abyss:3  | Cast into level 3 of the Abyss (a deep elf sorcerer)
 48155 | Abyss:3  | Found a corrupted altar of Lugonu.
 48158 | Abyss:3  | Noticed a profane servitor
 48167 | Abyss:3  | Killed a profane servitor
 48174 | Abyss:3  | Reached XP level 23. HP: 124/201 MP: 0/0
 48174 | Abyss:3  | Learned a level 8 spell: Infestation
 48238 | Abyss:3  | Found a corrupted altar of Lugonu.
 48272 | Abyss:3  | Found a corrupted altar of Lugonu.
 48305 | Abyss:3  | Found a corrupted altar of Lugonu.
 48326 | Abyss:3  | Gained mutation: You are clumsy. (Dex -2) [a neqoxec]
 48346 | Elf:3    | Escaped the Abyss
 49132 | Elf:3    | Identified the ring "Cotz" {*Slow rF+ Str+3 Slay+2}
 49151 | Elf:3    | Paralysed by an air elemental for 1 turns
 49151 | Elf:3    | Identified the amulet "Beuggoril" {Acrobat Will+ MP+9}
 49612 | Elf:3    | Identified the Volume of the Blink Frog
 49615 | Elf:3    | Identified the +0 sling of Axoklai {drain, Will+}
 49615 | Elf:3    | Identified the +5 ring mail "Vautia Xegu" {rC+}
 49640 | Elf:3    | Identified the +5 sling "Orb Guardian's Peril" {heavy,
                  | rElec rF+ rC- Will++}
 49688 | Elf:3    | Identified the +1 cloak of Limited Liability {Fly Regen+
                  | Str-4 Int-5}
 49691 | Elf:3    | Identified the Compendium of Refrigeration and the
                  | Lithosphere
 49691 | Elf:3    | Found the +2 cloak of the Thief {*Fog Slay-2 SInv Stlth+}
 49691 | Elf:3    | Identified the Elucidation of Putrescence and the Mantle
 49699 | Elf:3    | Identified the staff of earth "Iceylous" {*Corrode rPois
                  | rF+ rC+}
 49709 | Elf:3    | Identified the ring of the Endless Expanse {Will+ rCorr
                  | SInv}
 49710 | Elf:3    | Identified the staff of earth "Wemal" {Int+2}
 50193 | Slime:1  | Entered Level 1 of the Pits of Slime
 50213 | Slime:1  | Gained mutation: Armour fits poorly on your strangely
                  | shaped body. [a shining eye]
 51888 | Slime:3  | Reached skill level 25 in Dodging
 52005 | Slime:4  | Reached XP level 24. HP: 136/206 MP: 0/0
 52248 | Slime:5  | Entered Level 5 of the Pits of Slime
 52402 | Slime:5  | Noticed the Royal Jelly
 52803 | Slime:5  | Found a viscous altar of Jiyva.
 52804 | Slime:5  | Identified the ring "Cugiv" {+Blink AC+4}
 52804 | Slime:5  | Identified the amulet "Icreax Osaa" {rPois Regen+ rCorr
                  | Str-5 Slay-3}
 52806 | Slime:5  | Identified the staff of poison "Boria" {Fragile rPois rC++
                  | Int+3 SInv}
 52808 | Slime:5  | Identified the +0 shortbow of the Gnashing Gods {drain,
                  | rCorr}
 52808 | Slime:5  | Identified the Almanac of Peccant Attacks
 52808 | Slime:5  | Found the +8 frozen axe "Frostbite" {freeze, freezing
                  | cloud, *Noise Fly rC+}
 52809 | Slime:5  | Identified the staff of death "Mosuwn" {rN+ rCorr Str+3}
 52815 | Slime:5  | Gained mutation: You are weak. (Str -2) [a shining eye]
 53165 | Slime:5  | HP: 7/206 [rockslime[the Royal Jelly] (33)]
 53375 | Slime:5  | Killed the Royal Jelly
 53534 | Slime:5  | Got a slimy rune of Zot
 54153 | Depths:1 | Entered Level 1 of the Depths
 54324 | Depths:1 | Found Piri's Elemental Accessories.
 54406 | Depths:1 | Found a gateway to Hell.
 54583 | Depths:1 | Found an ornate altar of the Wu Jian Council.
 54677 | Depths:1 | Found a portal to a secret trove of treasure.
 55515 | Depths:1 | You paid a toll of a +7 demon whip to enter a treasure
                  | trove
 55516 | Trove    | Entered a treasure trove
 55562 | Trove    | Identified the ring "Korch" {rC+ rN+ Str+2}
 55562 | Trove    | Identified the ring "Vucrequh" {Fly rF+ Dex+4}
 55562 | Trove    | Identified the amulet "Bilis" {Reflect rF++ rCorr Dex-2
                  | SH+5}
 55887 | Depths:1 | Found an opulent altar of Gozag.
 55891 | Depths:1 | Reached skill level 10 in Armour
 56567 | Depths:2 | Lost mutation: You are weak. (Str -2) [potion of mutation]
 56567 | Depths:2 | Lost mutation: You are clumsy. (Dex -2) [potion of
                  | mutation]
 56567 | Depths:2 | Lost mutation: Armour fits poorly on your strangely shaped
                  | body. [potion of mutation]
 56567 | Depths:2 | Gained mutation: Your muscles are strong. (Str +4, Int/Dex
                  | -1) [potion of mutation]
 56772 | Depths:2 | Reached XP level 25. HP: 117/209 MP: 0/0
 56772 | Depths:2 | Learned a level 8 spell: Ignition
 57202 | Depths:2 | Found Aleg's Book Shoppe.
 57203 | Depths:2 | Found Eklu Japn's Jewellery Shop.
 57204 | Depths:2 | Found Utixzid's Book Shoppe.
 57366 | Depths:2 | Found a one-way gate leading to the halls of Pandemonium.
 57456 | Depths:3 | Identified the +4 rapier of Grontol {chaos, rPois}
 58064 | Depths:3 | Identified the amulet of Generosity {Reflect Fragile Str+2
                  | Dex+4 SH+5}
 58066 | Depths:3 | Noticed a juggernaut
 58071 | Depths:3 | Killed a juggernaut
 58179 | Depths:3 | Found a one-way gateway to a ziggurat.
 58631 | Depths:4 | Entered Level 4 of the Depths
 58874 | Depths:4 | Found a snail-covered altar of Cheibriados.
 58916 | Depths:4 | Noticed a caustic shrike
 58917 | Depths:4 | Noticed a caustic shrike
 58918 | Depths:4 | Noticed a caustic shrike
 58920 | Depths:4 | Killed a caustic shrike
 58925 | Depths:4 | Killed a caustic shrike
 58925 | Depths:4 | Killed a caustic shrike
 58926 | Depths:4 | Reached XP level 26. HP: 138/220 MP: 0/0
 59239 | Depths:4 | Found a shimmering altar of Xom.
 59328 | Depths:4 | Found an ornate altar of the Wu Jian Council.
 59395 | Depths:4 | Noticed Boris
 59401 | Depths:4 | Killed Boris
 59680 | Depths:4 | Found a gate to the Realm of Zot.
 60217 | Vaults:5 | Entered Level 5 of the Vaults
 60243 | Vaults:5 | Reached XP level 27. HP: 121/228 MP: 0/0
 60243 | Vaults:5 | Learned a level 9 spell: Fire Storm
 60722 | Vaults:5 | Noticed an ancient lich
 60726 | Vaults:5 | Killed an ancient lich
 60965 | Vaults:5 | Reached skill level 15 in Armour
 60966 | Vaults:5 | Identified the +2 flail "Elalen" {speed, Str+3 Stlth+}
 60966 | Vaults:5 | Identified the ring "Ekocra Ekli" {+Blink Fly Int+3}
 61250 | Vaults:5 | Identified the ring of Eternal Night {rPois rF+}
 61556 | Vaults:5 | Identified the +8 battleaxe of Dismemberment {vamp, rF++
                  | Str+4}
 61557 | Vaults:5 | Identified the +8 spear "Tepec" {holy, rPois rF+ Str+2
                  | Dex-3}
 61557 | Vaults:5 | Identified the ring "Byser" {Fire Contam Str+3 Int+3}
 61560 | Vaults:5 | Found the necklace of Bloodlust {Fury *Rage Will++ Int-3
                  | Slay+6}
 61683 | Vaults:5 | Got a silver rune of Zot
 62251 | Crypt:1  | Entered Level 1 of the Crypt
 62532 | Crypt:1  | Noticed Boris
 62539 | Crypt:1  | Killed Boris
 63695 | Crypt:2  | Identified a scroll of acquirement
 64221 | Crypt:3  | Entered Level 3 of the Crypt
 64498 | Crypt:3  | Identified the +3 robe "Cyjeok" {rN+ SInv Archmagi}
 64937 | Crypt:3  | Identified the +5 mace of Var Epics {protect, rF+ SInv}
 64969 | Crypt:3  | Noticed Xtahua
 64974 | Crypt:3  | Killed Xtahua
 64975 | Crypt:3  | Reached skill level 5 in Stealth
 65077 | Crypt:3  | Found a staircase to the Tomb.
 65290 | Crypt:3  | Noticed a royal mummy
 65293 | Crypt:3  | Killed a royal mummy
 65315 | Crypt:3  | Found a basalt altar of Yredelemnul.
 65323 | Crypt:3  | Found the +8 demon blade "Leech" {evervamp, Harm Drain rN+}
 65379 | Crypt:3  | Identified the Opusculum on the Blinking Spider
 65672 | Tomb:1   | Entered Level 1 of the Tomb of the Ancients
 65883 | Tomb:1   | Identified the +5 spear "Ojazuq" {heavy, Dex+5}
 66258 | Tomb:1   | Noticed a royal mummy
 66261 | Tomb:1   | Killed a royal mummy
 66399 | Tomb:1   | Noticed a royal mummy
 66402 | Tomb:1   | Killed a royal mummy
 67084 | Tomb:2   | Noticed a royal mummy
 67084 | Tomb:2   | Noticed a royal mummy
 67084 | Tomb:2   | Noticed a royal mummy
 67095 | Tomb:2   | Noticed a royal mummy
 67097 | Tomb:2   | Killed a royal mummy
 67097 | Tomb:2   | Killed by a mummy priest's death curse

Illustrated notes

Levels and vault maps discovered:
D:1:      dpeg_arrival_rhombi, layout_loops_ring
D:2:      layout_basic, serial_shops, shop, shop, shop, shop, shop, uniq_jessica
D:3:      layout_loops_cross, mainiacjoe_overflow_catwalk, uniq_grinder
D:4:      layout_basic, nicolae_ru_sacrificial_ziggurat,
          nicolae_ashenzari_skybound, minmay_temple_entry_sparse_star,
          serial_shops, shop, nicolae_shop_overcharged_wands, uniq_ijyb
D:5:      layout_cave_pods, good_gods_temple_1,
          mainiacjoe_overflow_concentric_impassable, grunt_dithmenos_shadows,
          serial_shops, nicolae_shop_trees, glass_columns_c
D:6:      layout_rooms, jmf_multi_god_temple2, nicolae_ossuary_entry_monument,
          serial_rivers, chequers_serial_rivers_large_b,
          chequers_serial_rivers_large_a, chequers_serial_rivers_small_a,
          chequers_serial_rivers_small_b, chequers_serial_rivers_marsh,
          chequers_serial_rivers_micro_b, uniq_edmund
D:7:      wander_river, layout_loops_ring,
          grunt_temple_overflow_lords_of_destruction, serial_shops,
          nicolae_shop_rolling_square, nicolae_water_bricks
D:8:      layout_basic, special_room [special_room_orc], minmay_misc_feat_chi,
          nicolae_transporter_circle, uniq_joseph, uniq_psyche, uniq_grum,
          uniq_amaemon, uniq_erica, uniq_maggie
D:9:      layout_basic, minitemple
D:10:     layout_roguey, hellmonk_lair_entry_icy, orc_0_dummy, serial_ice,
          serial_ice_c, serial_ice_g, serial_ice_n, serial_ice_h, minivault_16,
          minmay_misc_feat_cross, nrook_mini_vaults
D:11:     layout_small_grid, gammafunk_ghost_grave, special_room
          [special_room_orc], hex_large
D:12:     layout_rooms
D:13:     layout_small_grid, kennysheep_opposing_triangles, uniq_maurice
D:14:     layout_basic, skrybe_vaults_entry_preservation, special_room
          [special_room_bee], hangedman_decor_growths, minivault_5, uniq_louise
D:15:     gammafunk_depths_entry_grave, layout_basic, lemuel_tele_altar,
          kennysheep_inner_square
Temple:   nicolae_temple_superstar
Lair:1:   layout_cave_pods, special_room, infiniplex_staircase_pool_2,
          serial_bayou_shore_a, grunt_megastairs_4, lemuel_fruit_tree
Lair:2:   layout_chaotic_city, hellmonk_spider_entry_life_and_decay,
          nicolae_volcano_entry_s_turn, hangedman_lair_unloving_vines,
          dreamdust_mushroom_princess, beast_lair_carwin_7
Lair:3:   layout_hall_layers, minmay_shoals_entry_beasts, gauntlet_entry_generic
Lair:4:   layout_regular_city, serial_bayou, serial_bayou_lake_a,
          serial_bayou_lagoon_b, serial_bayou_crossing, serial_bayou_pond_d
Lair:5:   hellmonk_lair_end_abyssal_woods, layout_hall_layers,
          minmay_slime_entry_oklob_enclosed, minivault_19, disabler_island,
          serial_bayou_shore_b
Shoals:1: layout_shoals
Shoals:2: cheibrodos_shoals_baths, layout_shoals, serial_shops,
          nicolae_stop_n_shop_1
Shoals:3: layout_shoals, gammafunk_ghost_grave, uniq_polyphemus, uniq_ilsuiw
Shoals:4: shoals_end_simple, layout_shoals, serial_shops, shop
Spider:1: layout_chambers
Spider:2: layout_cave_pods, hangedman_spider_tarantella_strand
Spider:3: layout_spider_delve, beargit_elvish_explorers
Spider:4: floodkiller_spider_rune_tomb, ebering_ghost_reflecting_pool,
          nicolae_spider_world_wide_web, uniq_arachne
Slime:1:  cheibrodos_slime_lost_civilization_10, layout_caves
Slime:2:  layout_caves
Slime:3:  cheibrodos_slime_lost_civilization_8, layout_caves
Slime:4:  layout_caves
Slime:5
Orc:1:    layout_caves, portal_ice_cave_rime
Orc:2:    st_orc_pillars, layout_caves, serial_shops, shop
Elf:1:    eino_elf_arrival_shootout, layout_geoelf_octagon, serial_shops, shop,
          minmay_elf_necromancy
Elf:2:    nicolae_elf_blades_crystal_corner, layout_geoelf_diagonals,
          gammafunk_ghost_wrathful_warriors, serial_shops, shop,
          nicolae_shop_sticking_my_neck_out
Elf:3:    minmay_elf_hall_hex, layout_geoelf_castle, serial_shops,
          nicolae_shop_peninsula
Vaults:1: nicolae_vaults_heist, nicolae_vaults_specimen_jars,
          hangedman_vaults_maws, nicolae_vaults_little_squares_4,
          nicolae_vaults_tetromino_Z_2, nicolae_vaults_tangram_1,
          layout_vaults_omnigrid, uniq_aizul
Vaults:2: nicolae_vaults_tetromino_L_1, hangedman_vaults_locks,
          nicolae_vaults_sealed_display, nicolae_vaults_surprise_closet_hard,
          vaults_dpeg_cross, nicolae_vaults_mini_display_case, vaults_room_grid,
          grunt_vaults_hallway_short, nicolae_vaults_variable_pillar_hall,
          layout_vaults_maze_bifur, uniq_donald
Vaults:3: vaults_mumra_minichess, vaults_standard_mumra_enter_the_diamond,
          nicolae_vaults_closet_pinwheel_6, nicolae_vaults_surprise_closet_hard,
          nicolae_vaults_stepped_doors, nicolae_vaults_big_ls, v_alt_pattern_6,
          v_alt_pattern_3, v_alt_pattern_3, nicolae_vaults_storage_room_doors,
          nicolae_vaults_layer_cake_slice, vaults_mumra_lcd,
          nicolae_vaults_apartment_2, nicolae_vaults_apartment_1,
          nicolae_vaults_trapezoid_1, layout_vaults_omnibox,
          minmay_crypt_entry_simple_walls, uniq_zenata
Vaults:4: hangedman_vaults_stitches, hangedman_vaults_stagger, st_squares,
          hangedman_vaults_slice, v_misc_18, nicolae_vaults_yaktaur_gun_rack,
          v_pattern_1, nicolae_vaults_house_1, nicolae_vaults_little_squares_3,
          nicolae_vaults_tetromino_Z_1, layout_vaults_omnicross
Vaults:5: serial_shops
Crypt:1:  layout_chaotic_city, grunt_crypt_arrival_webbed,
          lemuel_upstairs_altar, grunt_megastairs_1
Crypt:2:  layout_chaotic_city
Crypt:3:  lightli_unholy_cathedral, layout_chaotic_city, grunt_megastairs_5,
          uniq_xtahua
Tomb:1
Tomb:2
Depths:1: layout_twisted_cross, hangedman_coc_ice_floe,
          nicolae_trove_entry_free_sample,
          nicolae_gozag_cash_rules_everything_around_me, minmay_fountain_box,
          kennysheep_small_spiral, nicolae_elemental_shop,
          nicolae_wu_jian_wuxing_cycle
Depths:2: nzn_winding_woodlands_medium [nzn_winding_woodlands_5x5_checkerboard,
          nzn_winding_woodlands_5x15_default, nzn_winding_woodlands_5x5_default,
          nzn_winding_woodlands_hourglass,
          nzn_winding_woodlands_center_diamonds,
          nzn_winding_woodlands_5x5_closed_star,
          nzn_winding_woodlands_5x5_three, nzn_winding_woodlands_5x15_jagged,
          nzn_winding_woodlands_5x5_cross], layout_gridlike, grunt_hell_horde,
          grunt_pan_entry_in_and_out, minmay_misc_feat_alley,
          infiniplex_staircase_zigzag_3, minmay_shop_grove
Depths:3: cheibrodos_hall_of_evolution, layout_basic, enter_ziggurat_f,
          abyss_entry, grunt_hell_entry_dis_old, minmay_misc_feat_secret_circle
Depths:4: grunt_profane_halls [grunt_profane_temple_tar,
          grunt_profane_temple_dis, grunt_profane_temple_geh,
          grunt_profane_temple_coc, grunt_zot_portal], hell_entry, abyss_entry,
          serial_shops, uniq_boris

Skill      XL: |  1  2  3  4  5  6  7  8  9 10 11 12 13 14 15 16 17 18 19 20 21 22 23 24 25 26 27 |
---------------+----------------------------------------------------------------------------------+-----
Fighting       | 1 2 3 4 5 7 9 10 12 13 14 15 16 17 18 19 20 21 | 21.6
Spellcasting   | 4 5 6 7 9 10 11 12 13 14 15 16 17 18 19 | 19.3
Dodging        | 3 6 8 10 12 14 15 16 18 20 22 23 24 25 | 25.7
Shields        | 3 6 8 10 12 13 15 16 18 20 21 | 21.9
Armour         | 5 8 10 13 19 | 19.5
Stealth        | 5 |  5.0

Action                     |  1- 3 |  4- 6 |  7- 9 | 10-12 | 13-15 | 16-18 | 19-21 | 22-24 | 25-27 || total
---------------------------+-------+-------+-------+-------+-------+-------+-------+-------+-------++-------
  Melee: Dagger            |     5 |       |       |       |       |       |       |       |       ||     5
         Falchion          |     2 |     2 |     2 |       |       |       |       |       |       ||     6
         Short sword       |       |       |     1 |       |     9 |       |       |       |       ||    10
         Staff             |       |       |       |       |       |     2 |     1 |     2 |     1 ||     6
  Throw: Throwing net      |       |       |       |       |       |     1 |       |       |       ||     1
   Cast: Magic Dart        |    65 |    17 |    70 |       |     1 |       |       |       |       ||   153
         Searing Ray       |     4 |    18 |    99 |    40 |     2 |       |       |       |       ||   163
         Slow              |       |     4 |    10 |    22 |    23 |     5 |     2 |       |       ||    66
         Fulminant Prism   |       |       |       |   269 |   672 |   713 |   335 |   408 |    42 ||  2439
         Iskenderun's Myst |       |       |       |    34 |   100 |   156 |    56 |    52 |     3 ||   401
         Cause Fear        |       |       |       |     1 |       |       |       |       |       ||     1
         Iron Shot         |       |       |       |       |    10 |    51 |   288 |   452 |   329 ||  1130
         Metabolic Englaci |       |       |       |       |     2 |       |       |       |       ||     2
         Simulacrum        |       |       |       |       |       |       |     3 |       |       ||     3
         Haunt             |       |       |       |       |       |       |     7 |     3 |     2 ||    12
         Infestation       |       |       |       |       |       |       |       |     2 |       ||     2
         Ignition          |       |       |       |       |       |       |       |       |   210 ||   210
         Fire Storm        |       |       |       |       |       |       |       |       |   134 ||   134
 Invoke: Curse Item        |       |       |     1 |     1 |     7 |     2 |     2 |       |     3 ||    16
         Shatter the Chain |       |       |       |       |     2 |       |     2 |     3 |       ||     7
  Evoke: Wand              |       |     3 |     2 |       |     2 |       |       |       |       ||     7
    Use: Scroll            |       |     5 |    14 |     8 |     3 |     5 |     2 |    27 |     1 ||    65
         Potion            |       |       |       |       |     6 |     2 |     7 |    24 |    12 ||    51
 Armour: Robe              |     2 |     6 |    31 |    26 |    10 |    11 |    20 |       |       ||   106
         Troll leather arm |       |       |       |       |       |       |     5 |    40 |    21 ||    66
  Dodge: Dodged            |     7 |     6 |    60 |    36 |    41 |    46 |   136 |   197 |   116 ||   645
  Block: Buckler           |       |       |    12 |    14 |     4 |       |       |       |       ||    30
         Kite shield       |       |       |       |       |    15 |    84 |   158 |   173 |    97 ||   527
         Reflection        |       |       |       |       |       |       |    18 |    27 |    10 ||    55
